 Dungeon Crawl Stone Soup version 0.29.1-1-gd02db6906a (webtiles) character file.

Game seed: 4967086607359654859

290 sankara the Chopper (level 6, 0/56 HPs)
             Began as a Minotaur Fighter on Oct 20, 2022.
             Slain by a gnoll
             ... wielding a +0 halberd
              (10 damage)
             ... on level 4 of the Dungeon.
             The game lasted 00:05:39 (2439 turns).

sankara the Chopper (Minotaur Fighter)              Turns: 2439, Time: 00:05:39

Health: 0/56       AC:  9    Str: 20    XL:     6   Next: 9%
Magic:  5/5        EV:  9    Int:  5    God:
Gold:   136        SH:  5    Dex: 12    Spells: 5/5 levels left

rFire   + . .      SeeInvis .   a - +0 war axe
rCold   . . .      Faith    .   c - +0 buckler
rNeg    + . .      Spirit   .   b - +0 scale mail
rPois   +          Reflect  .   (helmet restricted)
rElec   .          Harm     .   x - +0 cloak
rCorr   .          Rampage  .   (no gloves)
Will    .....                   g - +0 pair of boots
Stlth   ..........              (no amulet)
HPRegen 0.98/turn               y - ring of protection from fire
MPRegen 0.09/turn               w - ring of positive energy

@: no status effects
A: horns 2, retaliatory headbutt, poison resistance, regeneration 1, subdued
magic 1
a: no special abilities


You were on level 4 of the Dungeon.
You visited 1 branch of the dungeon, and saw 4 of its levels.

You collected 136 gold pieces.

Inventory:

Hand Weapons
 a - a +0 war axe (weapon)
 t - a +0 sling
Missiles
 h - 40 stones (quivered)
 A - 16 poisoned darts
Armour
 b - a +0 scale mail (worn)
 c - a +0 buckler (worn)
 g - a +0 pair of boots (worn)
 x - a +0 cloak (worn)
Jewellery
 v - a ring of resist corrosion
 w - a ring of positive energy (right hand)
 y - a ring of protection from fire (left hand)
Scrolls
 f - a scroll of magic mapping {unknown}
 j - a scroll of noise {unknown}
 k - 2 scrolls of vulnerability {unknown}
 l - a scroll of poison {unknown}
 n - 2 scrolls of identify {unknown}
 o - a scroll of fear {unknown}
 p - a scroll of enchant weapon {unknown}
 r - a scroll of blinking {unknown}
 u - a scroll of enchant armour {unknown}
 B - a scroll of torment {unknown}
Potions
 d - a potion of might
 i - a potion of mutation
 m - a potion of resistance {unknown}
 q - a potion of brilliance {unknown}
 s - a potion of heal wounds {unknown}
 z - a potion of lignification {unknown}


   Skills:
 + Level 5.0 Fighting
 * Level 5.6 Axes
 + Level 5.1 Armour
 - Level 4.0 Shields


You had 5 spell levels left.
You didn't know any spells.
Your spell library contained the following spells:

 Spells                   Type           Power      Damage    Failure   Level
 Confusing Touch          Hex            0%         N/A       99%         3
 Yara's Violent Unravell  Hex/Tmut       0%         3d3       100%        5
 Enfeeble                 Hex            0%         N/A       100%        7


Dungeon Overview and Level Annotations

Branches:
Dungeon (4/15)
 Temple: D:4-7

Altars:
Nemelex Xobeh
Ru

Shops:
D:3 (   D:4 [

Annotations:
D:3 2 runed translucent doors, NorthaanB's ghost, amateur GrFi
D:4 Edmund


Innate Abilities, Weirdness & Mutations

You have a pair of horns on your head.
You reflexively headbutt those who attack you in melee.
Your system is resistant to poisons. (rPois)
Your natural rate of healing is unusually fast.
Your spells are a little easier to cast, but a little less powerful.


Message History

Your Armour skill increases to level 5!
You have reached level 6!
You hit the goblin.
You kill the goblin!
You block the gnoll's attack.
Unknown command.
You slash the kobold!
You kill the kobold!
The gnoll closely misses you.
The gnoll hits you from afar with a +0 halberd.
Unknown command.
Found Xedij's Antique Armour Shoppe.
Found an escape hatch in the ceiling.
The gnoll barely misses you.
The gnoll hits you from afar with a +1 vorpal spear.
The gnoll hits you with a +0 halberd!
Unknown command.
You barely miss the gnoll. You hit the gnoll but do no damage.
The gnoll hits you with a +0 halberd. The gnoll closely misses you.
The gnoll barely misses you. You furiously retaliate!
You headbutt the gnoll.
Unknown command.
You barely miss the gnoll. Your headbutt misses the gnoll.
The gnoll is lightly wounded.
You hit the gnoll but do no damage. The gnoll hits you but does no damage.
The gnoll hits you from afar with a +1 vorpal spear!
You block the gnoll's attack.
Edmund the Younger comes into view.
He is wielding a +2 flail of draining.
The gnoll closely misses you.
The gnoll hits you from afar with a +1 vorpal spear.
The gnoll completely misses you.
You are too injured to fight recklessly!
Unknown command.
The gnoll hits you from afar with a +0 halberd!
* * * LOW HITPOINT WARNING * * *
The gnoll hits you but does no damage.
The gnoll hits you from afar with a +0 halberd.
* * * LOW HITPOINT WARNING * * *
There is a stone staircase leading up, spattered with blood here.
Unknown command.
The gnoll hits you from afar with a +0 halberd!
You die...

...##..........
..............#
#...<.......##
#............#
##............#
.....>.......
......g..g#
8.....g.))#
......#)@##
∩...# #))).#
..@ #...## <
.?..# .##... ..
..... .. ......
... ......


You could see 3 gnolls.

Vanquished Creatures
  A necrophage (D:4)
  Crazy Yiuf (D:2)
  A hound (D:3)
  Jessica (D:2)
  Robin (D:3)
  A gnoll (D:3)
  4 adders
  An adder skeleton (D:3)
  A worm (D:3)
  3 dart slugs
  An orc (D:3)
  4 ball pythons
  4 bats
  6 endoplasms
  2 giant cockroaches (D:1)
  8 hobgoblins
  4 jackals (D:1)
  3 quokkas
  4 frilled lizards
  14 goblins
  4 kobolds
  5 rats
74 creatures vanquished.

Vanquished Creatures (others)
  A withered plant (D:3)
1 creature vanquished.

Grand Total: 75 creatures vanquished

Notes
Turn   | Place    | Note
-------+----------+-------------------------------------------
     0 | D:1      | sankara the Minotaur Fighter began the quest for the Orb.
     0 | D:1      | Reached XP level 1. HP: 19/19 MP: 0/0
     1 | D:1      | Found a sacrificial altar of Ru.
   282 | D:1      | Reached XP level 2. HP: 27/27 MP: 1/1
   287 | D:1      | Found a faded altar of an unknown god.
   543 | D:1      | You fall into a shaft and drop 1 floor!
   547 | D:2      | Found a runed translucent door.
   548 | D:2      | Noticed Crazy Yiuf
   745 | D:1      | Reached XP level 3. HP: 33/33 MP: 2/2
  1035 | D:2      | Noticed Jessica
  1049 | D:2      | Killed Jessica
  1051 | D:2      | Reached XP level 4. HP: 37/40 MP: 3/3
  1341 | D:2      | Found a sparkling altar of Nemelex Xobeh.
  1510 | D:2      | Killed Crazy Yiuf
  1511 | D:2      | Gained mutation: Your natural rate of healing is unusually
                  | fast. [potion of mutation]
  1511 | D:2      | Gained mutation: Your system is resistant to poisons.
                  | (rPois) [potion of mutation]
  1511 | D:2      | Gained mutation: Your spells are a little easier to cast,
                  | but a little less powerful. [potion of mutation]
  1592 | D:3      | Found a runed translucent door.
  1603 | D:3      | Noticed NorthaanB's ghost (amateur GrFi)
  1685 | D:3      | Found a runed translucent door.
  1735 | D:3      | Reached XP level 5. HP: 29/47 MP: 4/4
  1887 | D:3      | Found Exontuv's Antique Weapon Emporium.
  2361 | D:4      | Noticed Robin
  2369 | D:3      | Killed Robin
  2378 | D:4      | Reached skill level 5 in Axes
  2433 | D:4      | Reached skill level 5 in Fighting
  2433 | D:4      | Reached skill level 5 in Armour
  2433 | D:4      | Reached XP level 6. HP: 52/56 MP: 5/5
  2435 | D:4      | Found Xedij's Antique Armour Shoppe.
  2437 | D:4      | Noticed Edmund
  2439 | D:4      | Slain by a gnoll

Illustrated notes

Levels and vault maps discovered:
D:1:      sevenhm_arrival_forest_fort_small_6, layout_loops_corners,
          hellmonk_ecumenical_altar_arch_garden
D:2:      layout_basic, basic_altar, uniq_crazy_yiuf_cottage, uniq_jessica
D:3:      layout_loops_ring, serial_shops, shop, ebering_ghost_sewer_f,
          serial_undead, serial_undead_d, serial_undead_c, serial_undead_b,
          serial_undead_c
D:4:      layout_cave_pools, serial_shops, shop_statue, gup_sewer_entry_glass,
          kennysheep_another_room, uniq_edmund, uniq_robin, uniq_ijyb

Skill      XL: |  1  2  3  4  5 |
---------------+----------------+-----
Axes           | 3 4 5 |  5.6
Fighting       | 4 5 |  5.0
Armour         | 4 5 |  5.1
Shields        | 4 |  4.0

Action                   |  1- 3 |  4- 6 || total
-------------------------+-------+-------++-------
Melee: War axe           |    64 |    72 ||   136
       Headbutt          |     8 |     9 ||    17
  Use: Potion            |       |     1 ||     1
       Scroll            |       |     1 ||     1
Armor: Scale mail        |    26 |    48 ||    74
Dodge: Dodged            |    28 |    49 ||    77
Block: Buckler           |    19 |    29 ||    48
